 Dungeon Sprint DCSS version 0.28.0-43-g3370ac3207 (webtiles) character file.

Game seed: 6898048282796186360

4987 boopmooplesden the Tortoise (level 10, -1/104 HPs)
             Began as a Minotaur Fighter on Mar 21, 2022.
             Was a Follower of Trog.
             Succumbed to poison (poison gas)
             ... in the Dungeon (Sprint II: "The Violet Keep of Menkaure").
             The game lasted 00:07:07 (2629 turns).

boopmooplesden the Tortoise (Minotaur Fighter)      Turns: 2629, Time: 00:07:09

Health: -1/104     AC: 32    Str: 27    XL:     10   Next: 29%
Magic:  9/9        EV:  8    Int:  5    God:    Trog [*.....]
Gold:   288        SH: 12    Dex: 10    Spells: 9/9 levels left

rFire   . . .      SeeInvis +   a - +0 war axe
rCold   . . .      Faith    .   m - +0 kite shield
rNeg    + + .      Spirit   .   d - +9 plate armour "Takag" {SInv}
rPois   .          Reflect  .   u - +2 hat
rElec   .          Harm     .   (no cloak)
rCorr   .          Rampage  .   w - +0 pair of gloves
Will    .....      NoTele   +   v - +1 pair of boots
Stlth   ..........              p - amulet of magic regeneration
HPRegen 0.27/turn               k - ring "Vun Votyly" {rN+ Str+2}
MPRegen 0.51/turn               t - ring "Nagramor" {Fly rN+}

@: lethally poisoned (-1 -> -33), flying, mesmerised
A: horns 2, retaliatory headbutt
a: Renounce Religion, Berserk


You were in the Dungeon.
You worshipped Trog.
Trog was aware of your devotion.
You visited 1 branch You collected 2000 gold pieces.
You spent 1712 gold pieces at shops.

Inventory:

Hand Weapons
 a - a +0 war axe (weapon)
Armour
 d - the +9 plate armour "Takag" (worn) {SInv}
   (You bought it in a shop in the Dungeon)

   SInv:      It lets you see invisible.
 m - a +0 kite shield (worn)
 u - a +2 hat (worn)
 v - a +1 pair of boots (worn)
 w - a +0 pair of gloves (worn)
Jewellery
 f - an amulet of the acrobat
 k - the ring "Vun Votyly" (left hand) {rN+ Str+2}
   (You bought it in a shop in the Dungeon)

   [ring of positive energy]

   Str:       It affects your strength (+2).
   rN:        It protects you from negative energy.
 p - an amulet of magic regeneration (around neck)
 t - the ring "Nagramor" (right hand) {Fly rN+}
   (You acquired it in the Dungeon)

   [ring of flight]

   rN:        It protects you from negative energy.
   Fly:       It grants you flight.
Scrolls
 j - a scroll of blinking
Potions
 b - a potion of heal wounds
 c - 3 potions of flight
 g - a potion of haste
 h - 6 potions of magic
 l - a potion of attraction
 n - 2 potions of brilliance
 o - a potion of mutation
 q - 2 potions of might
 r - 3 potions of resistance
 s - a potion of berserk rage
Miscellaneous
 e - a tin of tremorstones (1/2)


   Skills:
 + Level 14.5 Fighting
 + Level 14.6 Axes
 + Level 15.8 Armour
 + Level 4.8 Dodging
 + Level 1.2 Stealth
 + Level 13.8 Shields


You had 9 spell levels left.
You didn't know any spells.
Your spell library was empty.

Dungeon Overview and Level Annotations

Branches:
Dungeon (1/1)

Altars:
Cheibriados
Dithmenos
Elyvilon
Fedhas
Gozag
Hepliaklqana
Kikubaaqudgha
Makhleb
Nemelex Xobeh
Okawaru
Qazlal
Ru
Sif Muna
Trog
Uskayaw
Vehumet
Wu Jian
Xom
Yredelemnul
Zin
The Shining One
Beogh
Jiyva
Lugonu

Shops:
D ?:=:=?(![!=!=[(

Annotations:
D exclusions: obsidian statue and oklob plant


Innate Abilities, Weirdness & Mutations

You have a pair of horns on your head.
You reflexively headbutt those who attack you in melee.


Message History

You feel extremely sick.
You are engulfed in poison gas.
You are more poisoned.
You feel extremely sick.
You are too mesmerised to rage.
You hit the obsidian statue but do no damage.
You headbutt the obsidian statue, but do no damage.
You are engulfed in poison gas.
You are more poisoned.
You feel extremely sick.
You hit the obsidian statue.
You headbutt the obsidian statue, but do no damage.
The obsidian statue is lightly damaged.
You are engulfed in poison gas.
You are lethally poisoned!
* * * LOW HITPOINT WARNING * * *
You feel extremely sick.
You feel better.
You are engulfed in poison gas.
You are poisoned.
* * * LOW HITPOINT WARNING * * *
You feel very sick.
Okay, then.
You cannot move away from the obsidian statue!
You slash the obsidian statue!
The obsidian statue is moderately damaged.
You feel very sick.
You are too mesmerised to rage.
You slash the obsidian statue!
The obsidian statue is heavily damaged.
You are engulfed in poison gas.
You are lethally poisoned!
* * * LOW HITPOINT WARNING * * *
x2 You feel very sick.
You hit the obsidian statue but do no damage.
You headbutt the obsidian statue!
The obsidian statue is severely damaged.
You are engulfed in poison gas.
You are more poisoned.
* * * LOW HITPOINT WARNING * * *
You die...

####+#### ##.°○○°..##
##°°°○○°...## ▓▓+
+.°○○○8°°°..# +..
#.○°°○@°.°# #..
≈##○○°○°.°## #..
#########≈≈#○○°#'°°## #°
########≈≈≈.○.......# #|
.......#≈≈≈≈.##'##..# #.
#}
..⌠....#≈≈≈≈##...##.####
+.##.#|
.∩.∩...#≈≈≈≈#..#..#....#
...###
∩.∩.∩..#≈≈####.).####..##
#..##.
.∩.∩.∩.#≈##.###'###.##..#
+.^#..


You could see an obsidian statue (mesmerising).

Vanquished Creatures
  A kraken (D)
  2 deep trolls (D)
  A merfolk siren (D)
  A yaktaur (D)
  3 polar bears (D)
  A hornet (D)
  2 wyverns (D)
  A vampire mosquito (D)
  Menkaure (D)
  5 water moccasins (D)
  4 necrophages (D)
  4 scorpions (D)
  4 tentacles (D)
30 creatures vanquished.

Vanquished Creatures (others)
  16 tentacles (D)
16 creatures vanquished.

Grand Total: 46 creatures vanquished

Notes
Turn   | Place    | Note
-------+----------+-------------------------------------------
     0 | D        | boopmooplesden the Minotaur Fighter began the quest for the
                  | Orb.
     0 | D        | Reached XP level 1. HP: 19/19 MP: 0/0
     1 | D        | Noticed a merfolk siren
     9 | D        | Killed a merfolk siren
    10 | D        | Reached skill level 5 in Axes
    10 | D        | Reached skill level 9 in Armour
    10 | D        | Reached XP level 2. HP: 3/38 MP: 1/1
    10 | D        | Reached XP level 3. HP: 4/45 MP: 2/2
    10 | D        | Reached XP level 4. HP: 4/51 MP: 3/3
    10 | D        | Reached XP level 5. HP: 5/58 MP: 4/4
    10 | D        | Reached XP level 6. HP: 6/66 MP: 5/5
   293 | D        | Noticed an obsidian statue
   295 | D        | Noticed Menkaure
   296 | D        | Noticed a water moccasin
   299 | D        | Killed Menkaure
   300 | D        | Reached skill level 10 in Fighting
   300 | D        | Reached skill level 10 in Armour
   304 | D        | Killed a water moccasin
   305 | D        | Reached skill level 10 in Shields
   648 | D        | Reached XP level 7. HP: 48/73 MP: 6/6
   656 | D        | Reached skill level 11 in Armour
   946 | D        | Reached XP level 8. HP: 74/83 MP: 7/7
   957 | D        | Reached skill level 12 in Armour
   957 | D        | Reached skill level 1 in Dodging
   966 | D        | Found Vuhoidit's Weapon Shop.
   968 | D        | Found Girivut's Antique Armour Boutique.
   968 | D        | Found Doihas's Jewellery Shop.
   968 | D        | Found Otaq Dyt's Distillery.
   968 | D        | Found Sytimn's Antique Armour Boutique.
   968 | D        | Found Poppid's Distillery.
   968 | D        | Found Zoakhluwk's Antique Weapon Shop.
   968 | D        | Found Myrghimy's Distillery.
  1267 | D        | Found Xutiha's Jewellery Boutique.
  1267 | D        | Found Anwueh's Magic Scroll Shop.
  1267 | D        | Found Ygumnael's Jewellery Boutique.
  1291 | D        | Reached skill level 10 in Axes
  1299 | D        | Found Xistronurr's Book Shop.
  1299 | D        | Found Gaetteeph's Jewellery Boutique.
  1299 | D        | Noticed an oklob plant
  1300 | D        | Found Irphopnyn's Magic Scroll Boutique.
  1300 | D        | Found Ygaiciha's Book Shoppe.
  1301 | D        | Bought a slimy plate armour for 672 gold pieces
  1301 | D        | Identified the +9 plate armour "Takag" {SInv} (You bought
                  | it in a shop in the Dungeon)
  1521 | D        | Noticed a hell hog
  1521 | D        | Noticed a hell hog
  1549 | D        | Found a snail-covered altar of Cheibriados.
  1550 | D        | Found a shadowy altar of Dithmenos.
  1551 | D        | Found a white marble altar of Elyvilon.
  1551 | D        | Found an ancient bone altar of Kikubaaqudgha.
  1551 | D        | Found a viscous altar of Jiyva.
  1552 | D        | Found a blossoming altar of Fedhas.
  1552 | D        | Found a corrupted altar of Lugonu.
  1552 | D        | Found a shimmering blue altar of Sif Muna.
  1553 | D        | Found an opulent altar of Gozag.
  1553 | D        | Found a burning altar of Makhleb.
  1553 | D        | Found a bloodstained altar of Trog.
  1554 | D        | Found a sparkling altar of Nemelex Xobeh.
  1554 | D        | Found a hide-covered altar of Uskayaw.
  1555 | D        | Found an iron altar of Okawaru.
  1555 | D        | Found a radiant altar of Vehumet.
  1555 | D        | Found a glowing silver altar of Zin.
  1556 | D        | Noticed a yaktaur
  1556 | D        | Noticed a hornet
  1556 | D        | Noticed a polar bear
  1556 | D        | Noticed a polar bear
  1562 | D        | Killed a polar bear
  1563 | D        | Noticed a polar bear
  1568 | D        | Killed a polar bear
  1569 | D        | Reached skill level 1 in Stealth
  1570 | D        | Killed a polar bear
  1571 | D        | Reached skill level 13 in Armour
  1571 | D        | Reached XP level 9. HP: 93/93 MP: 8/8
  1574 | D        | Killed a yaktaur
  1583 | D        | Found a basalt altar of Yredelemnul.
  1585 | D        | Found a hazy altar of Hepliaklqana.
  1585 | D        | Found a sacrificial altar of Ru.
  1585 | D        | Found a shimmering altar of Xom.
  1586 | D        | Found a stormy altar of Qazlal.
  1586 | D        | Found an ornate altar of the Wu Jian Council.
  1586 | D        | Found a glowing golden altar of the Shining One.
  1595 | D        | Became a worshipper of Trog the Wrathful
  1711 | D        | Noticed a kraken
  1747 | D        | Reached * piety under Trog
  1748 | D        | Reached skill level 14 in Armour
  2062 | D        | Noticed a deep troll
  2062 | D        | Noticed a deep troll
  2072 | D        | Killed a deep troll
  2079 | D        | Killed a deep troll
  2080 | D        | Reached skill level 15 in Armour
  2299 | D        | Identified a scroll of acquirement
  2299 | D        | Acquired 632 gold pieces
  2335 | D        | Killed a kraken
  2336 | D        | Reached XP level 10. HP: 104/104 MP: 9/9
  2485 | D        | Noticed a death yak
  2489 | D        | Bought the ring "Vun Votyly" {rN+ Str+2} for 312 gold
                  | pieces
  2495 | D        | Bought a scroll of acquirement for 728 gold pieces
  2495 | D        | Acquired the ring "Nagramor" {Fly rN+}
  2629 | D        | HP: 5/104 [something (8)]
  2629 | D        | Succumbed to poison (poison gas)

Illustrated notes

Levels and vault maps discovered:
D:        the_violet_keep_of_menkaure [sprint2_stairs_cluster_1,
          sprint2_shoproom, sprint2_temple, sprint2_basic_supplies,
          sprint2_obstacle_2, sprint2_obstacle_1, sprint2_obstacle_3,
          sprint2_obstacle_6, sprint2_obstacle_4, sprint2_timed_cluster_1,
          sprint2_smallroom_cluster_1, sprint2_smallroom_final_cluster_1,
          sprint2_transparent_cluster_1, sprint2_second_timed_cluster_1,
          sprint2_sniper_area_1, sprint2_heavy_combat_area_1,
          sprint2_mutation_trap_area_1, sprint2_forest_area_1,
          sprint2_light_combat_area_1, sprint2_behind_water_1,
          sprint2_near_end_vault_1]

Skill      XL: |  1  2  3  4  5  6  7  8  9 |
---------------+----------------------------+-----
Fighting       | 9 10 12 13 14 | 14.5
Axes           | 5 6 8 11 14 | 14.6
Armour         | 9 10 11 13 15 | 15.8
Shields        | 9 10 11 12 13 | 13.8
Dodging        | 3 4 |  4.8
Stealth        | 1 |  1.2

Action                   |  1- 3 |  4- 6 |  7- 9 | 10-12 || total
-------------------------+-------+-------+-------+-------++-------
Melee: War axe           |     7 |    11 |   141 |     5 ||   164
       Headbutt          |     2 |       |    24 |     3 ||    29
Invok: Berserk           |       |       |     2 |       ||     2
Evoke: Tin of tremorston |       |       |       |     1 ||     1
  Use: Potion            |       |     1 |     3 |     2 ||     6
       Scroll            |       |       |     7 |     1 ||     8
Armor: Scale mail        |     2 |     4 |    20 |       ||    26
       Plate armour      |       |       |    57 |     3 ||    60
Dodge: Dodged            |       |     4 |    53 |       ||    57
Block: Buckler           |       |     3 |    47 |       ||    50
       Kite shield       |       |       |     7 |       ||     7
